General information
- name: GRUDGE
- type: Custom game
- host: BEAR_AND
- saver: BEAR_AND
map: TwistedMeadows
- players: 2
- length: 13:35
- speed: Fast
- version: 1.21 W3XP
- replay type:

» download(43 KB)
Players
team 1 (winner)
BEAR_AND (
red | 132 APM | 1798 actions | 13:35)
5 Death Knight
3 Death Coil
2 Unholy Aura
» actions
| Assign group hotkey | 21 | |
| Basic commands | 3 | |
| Build / train | 49 | |
| Enter build submenu | 18 | |
| Enter hero's abilities submenu | 5 | |
| Give item / drop item | 1 | |
| Remove unit from queue | 5 | |
| Right click | 1092 | |
| Select / deselect | 262 | |
| Select group hotkey | 279 | |
| Use ability | 63 | |
1798 total
» units
| Acolyte | 9 | |
| Ghoul | 11 | |
| Obsidian Statue | 5 | |
25 total
» upgrades
| Cannibalize | 1 | |
| Creature Attack | 2 | |
| Destroyer Form | 1 | |
| Creature Carapace | 1 | |
5 total
» buildings
| Crypt | 1 | |
| Altar of Darkness | 1 | |
| Ziggurat | 4 | |
| Tomb of Relics | 1 | |
| Halls of the Dead | 1 | |
| Graveyard | 1 | |
| Nerubian Tower | 1 | |
| Slaughterhouse | 1 | |
| Spirit Tower | 1 | |
| Black Citadel | 1 | |
| Sacrificial Pit | 1 | |
| Necropolis | 2 | |
16 total
» build order
00:06 Crypt
00:08 Altar of Darkness
00:25 Ziggurat
00:54 Tomb of Relics
01:39 Ziggurat
02:47 Halls of the Dead
03:19 Graveyard
04:19 Ziggurat
05:14 Nerubian Tower
07:05 Slaughterhouse
07:35 Spirit Tower
07:50 Black Citadel
08:37 Ziggurat
09:56 Sacrificial Pit
11:22 Necropolis
11:42 Necropolis
» items
team 2 (loser)
jungleterror (
blue | 32 APM | 439 actions | 13:34)
2 Blood Mage
1 Flame Strike
1 Siphon Mana
» actions
| Assign group hotkey | 6 | |
| Basic commands | 15 | |
| Build / train | 39 | |
| Enter build submenu | 13 | |
| Enter hero's abilities submenu | 2 | |
| Remove unit from queue | 2 | |
| Right click | 155 | |
| Select / deselect | 174 | |
| Select group hotkey | 11 | |
| Use ability | 22 | |
439 total
» units
» buildings
| Barracks | 2 | |
| Farm | 9 | |
| Altar of Kings | 1 | |
| Keep | 1 | |
| Town Hall | 1 | |
14 total
» build order
00:05 Barracks
00:23 Barracks
00:38 Farm
01:15 Farm
01:52 Farm
02:13 Altar of Kings
02:31 Farm
03:10 Farm
03:49 Farm
04:33 Farm
04:56 Farm
07:17 Farm
07:58 Keep
09:46 Town Hall
10:53 Keep
Chat log
(00:50 / All) BEAR_AND: visit http://highper.ch/ for all replays; thanks for watching
(01:19 / All) jungleterror: wcreplays is the best
(06:50 / All) jungleterror: almost :P
(06:53 / All) BEAR_AND: nope
(06:56 / All) jungleterror: lol yes
(07:03 / All) jungleterror: u had 1 aco left and ur building was half way
(07:08 / All) BEAR_AND: i had 4
(07:20 / All) jungleterror: i killed 4
(11:07 / All) jungleterror: u fuckin serious lol
(11:11 / All) jungleterror: did u wait for it to finish building
(11:15 / All) jungleterror: it JUST finished lol
(11:45 / All) jungleterror: seriously though, how did u come in at the exact second it finished building?
(11:50 / All) BEAR_AND: luck / good scouting
(11:57 / All) jungleterror: i think the first one
(12:53 / All) jungleterror: aighty u win, thats just fucked up, really whats the point u know my plan anyways with the mage thing, aighty ur better than me
(13:04 / All) BEAR_AND: quit
(13:05 / All) BEAR_AND: noob
(13:05 / All) jungleterror: cya around bro, and have a happy victoria day if ur canadian
(13:08 / All) BEAR_AND: i am
(13:14 / All) jungleterror: me too